 Dungeon Crawl Stone Soup version 0.30-a0-883-g5ad918d77d (webtiles) character file.

Game seed: 10664950280975502704

2 Pimp the Covered (level 1, 0/14 HPs)
             Began as an Armataur Wanderer on Mar 16, 2023.
             Slain by a bat (1 damage)
             ... on level 1 of the Dungeon.
             The game lasted 00:00:16 (37 turns).

Pimp the Covered (Armataur Wanderer)                  Turns: 37, Time: 00:00:16

Health: 0/14       AC:  7    Str: 16    XL:     1   Next: 25%
Magic:  3/3        EV:  7    Int: 17    God:
Gold:   0          SH:  0    Dex:  5    Spells: 3/3 levels left

rFire   . . .      SeeInvis .    a - +0 club
rCold   . . .      Faith    .    (no shield)
rNeg    . . .      Spirit   .    c - +0 scale mail
rPois   .          Reflect  .    (no helmet)
rElec   .          Roll     +    (no cloak)
rCorr   .                        (no gloves)
Will    .....                    (no barding) Stlth
                                 (no amulet)
HPRegen 0.22/turn                (no ring)
MPRegen 0.08/turn                (no ring)

@: no status effects
A: large, rugged brown scales 3, deformed body, armoured tail, roll, long
tongue, awkward tongue
a: no special abilities


You were on level 1 of the Dungeon.
You visited 1 branch of the dungeon, and saw 1 of its levels.

Inventory:

Hand Weapons
 a - a +0 club (weapon)
Armour
 c - a +0 scale mail (worn)
Scrolls
 b - a scroll of fear
Potions
 d - a potion of heal wounds {unknown}
 e - a potion of magic {unknown}


   Skills:
 + Level 4.8 Armour
 + Level 1.8 Spellcasting
 + Level 1.8 Ice Magic
 + Level 1.0 Poison Magic
 + Level 1.0 Evocations


You had 3 spell levels left.
You didn't know any spells.
Your spell library contained the following spells:

 Spells                   Type           Power      Damage    Failure   Level
 Freeze                   Ice            28%        1d5       30%         1
 Sting                    Tmut/Pois      12%        1d3       47%         1
 Ensorcelled Hibernation  Hex/Ice        8%         N/A       56%         2
 Ozocubu's Armour         Ice            7%         N/A       67%         3
 Spider Form              Tmut/Pois      3%         N/A       85%         3


Dungeon Overview and Level Annotations

Branches:
Dungeon (1/15)

Altars:

Shops:
D:1 (


Innate Abilities, Weirdness & Mutations

You are completely covered in rugged brown scales. (AC +3, +7% HP)
Armour fits poorly on your strangely shaped body.
You have a long armoured tail.
You roll when moving toward enemies. (Rampage)
Your long tongue fully drains potion bottles. (2x potion effects)
Your tongue gives you trouble enunciating. (1.5x scroll delay)


Message History

The kobold closely misses you.
You roll towards the kobold!
You barely miss the kobold.
The ball python hisses angrily.
The kobold hits you but does no damage. The kobold barely misses you.
You hit the kobold.
You kill the kobold!
A bat comes into view.
A hobgoblin comes into view.
The rat bites you but does no damage. The kobold hits you but does no damage.
Found a cloak.
The rat bites you. The kobold closely misses you.
Things that are here:
a +0 club; a kobold corpse You hit the ball python but do no damage.
Your tail-slap misses the ball python.
The bat hits you but does no damage. x2
The ball python bites you but does no damage.
The rat bites you but does no damage. The kobold hits you with a +0 whip.
The ball python bites you but does no damage.
The kobold barely misses you. The rat bites you but does no damage.
You completely miss the ball python.
Your tail-slap misses the ball python.
The bat hits you but does no damage. x2
The ball python bites you but does no damage.
The rat bites you. The kobold barely misses you.
The ball python bites you but does no damage.
You closely miss the ball python. The bat barely misses you.
The rat bites you but does no damage. The kobold hits you with a +0 whip.
The ball python bites you but does no damage.
You hit the ball python.
You kill the ball python!
The bat closely misses you. The rat barely misses you.
The kobold hits you with a +0 whip. The hobgoblin hits you.
* * * LOW HITPOINT WARNING * * *
The kobold barely misses you. The hobgoblin hits you.
* * * LOW HITPOINT WARNING * * *
The rat bites you but does no damage.
You hit the rat but do no damage.
Your tail-slap misses the rat.
The bat hits you but does no damage.
The hobgoblin hits you but does no damage.
The rat bites you but does no damage. The kobold hits you with a +0 whip.
* * * LOW HITPOINT WARNING * * *
The bat hits you.
You die...

.# .# .#.......... ##
... ....... . ###..
...... ..
#######...+..##)..##
... .......#
..#..†..#.... ##...#+##
#........... #....(.#
#.Kb∩.)...[.
#......#####..)@.......
#...........#.rg..#....
#####+#.######...## .
#.# #...... #.#
##...... #.# #.......
#.# ###+#.#. #.# .# #.#


You could see a hobgoblin, a bat, a kobold and a rat.

Vanquished Creatures
  A ball python (D:1)
  A kobold (D:1)
2 creatures vanquished.

Notes
Turn   | Place    | Note
-------+----------+-------------------------------------------
     0 | D:1      | Pimp the Armataur Wanderer began the quest for the Orb.
     0 | D:1      | Pimp set off with the following items: a +0 club, a scroll
                  | of fear, a +0 scale mail; and the following spells
                  | available to memorise: Freeze, Sting, Ensorcelled
                  | Hibernation, Ozocubu's Armour, Spider Form.
     0 | D:1      | Reached XP level 1. HP: 14/14 MP: 3/3
    23 | D:1      | Found Moxzoe's Weapon Shoppe.
    37 | D:1      | Slain by a bat

Illustrated notes

Levels and vault maps discovered:
D:1:      roderic_chinese_lattice_arrival, layout_basic,
          shapermc_ecumenical_altar_acropolis, serial_shops,
          nicolae_shop_bloodbath_and_beyond

Action                     || total
---------------------------++-------
  Melee: Club              ||     8
 Armour: Scale mail        ||    19
  Dodge: Dodged            ||     9

Table legend: (Time is in decaauts)
 A = Elapsed time spent in this place.
 B = Non-inter-level travel time spent in this place.
 C = Inter-level travel time spent in this place.
 D = Time resting spent in this place.
 E = Time spent auto-exploring this place.
 F = Levels seen in this place.
 G = Mean time per level.
                   A        B        C        D        E       F      G
               +--------+--------+--------+--------+--------+-----+--------+
         Total |     39 |     39 |      0 |      0 |     21 |   1 |   39.0 |
       Dungeon |     39 |     39 |      0 |      0 |     21 |   1 |   39.0 |
               +--------+--------+--------+--------+--------+-----+--------+

Top non-repeatable levels by time:
     D:1: 39 daAuts
